Arrhythmia, chaotic female vampiric Convict ##########(###########################)#### ------ 0# #----------------------- ---.----######.....| ### #|.|..-..|..|....|..-..| |..|...|# |....| ## #|.|..|..|..-....|..|..| |..-...|# |....| --------- ### #|.--|-------....--|-----+-.-....|# #.....| |.......|## #|...............}..............%.######|))..| |........## #|.-------+--.......-|-..-----....# |..).| |)....^.| #|.|..|..| |....}..|..@.|.%.|...|# -.--|- |....>..|##############|.|..|..| |.....}.|.q(.|%%.|...|## # --------- |.-|--|-----....}.}|.@_.|)..(...|# # # |.............{}...|..[.|)%.|...|# # |.----------|----.----------|...|# # |.|.[)=| |....|.+ |(.(.-...|# # # |.|.!?%| |((((|.| |(.(%|...|### --..- |.-.).)| |((((|.| |(((.|...| # |...| |.------+--------.-----------...| ##|...| |...............................| |...| --------------------------------- ----- Arrhythmia the Prisoner Experience level: 10 Strength: 18 Dexterity: 15 Constitution: 17 Intelligence: 9 Wisdom: 8 Charisma: 8 Health: 0(97) Energy: 60(60) AC: -5 Gold: 0 Moves: 9481 Your Inventory: Armor j - an uncursed +0 Hawaiian shirt (being worn) r - a blessed +0 hard hat [dwarvish iron helm] (being worn) t - a blessed +2 scale mail of fire resistance (being worn) u - an uncursed +0 pair of gauntlets of dexterity (being worn) v - a blessed rusty +1 large round shield [dwarvish roundshield] (being worn) w - an uncursed +0 cloak of protection Z - a blessed +1 pair of jumping boots of stealth (being worn) Tools f - an uncursed bag of holding Contents of the bag of holding: an uncursed Hot Futa Mare Dick named Ward against starvation an uncursed wand of striking [0:0] an uncursed wand of striking [0:0] an uncursed mirror an uncursed skeleton key an uncursed towel an uncursed [+0] unicorn horn Spells known in the end: Name Level Category Fail Memory Your skills at the end: Fighting Skills shield [Basic / Basic] Weapon Skills flail [Skilled / Expert] sling [Basic / Skilled] Spellcasting Skills Final Attributes: You were piously aligned. Hunger level was 626. Your alignment was 57 / 57. Monster difficulty range was 1 - 8. Level difficulty was 6. You were immune to poison. You were immune to level-drain. You were immune to sickness. You were stealthy. You could jump. You could fly. You could survive without air. You regenerated. Your luck was zero. You are dead. Vanquished creatures: a shopkeeper 2 small mimics 2 tengu an energy vortex 2 elf mummies 2 human mummies a leather golem a watchman a chameleon a giant beetle a cockatrice a panther 2 leprechauns 3 dwarf mummies 2 owlbears 2 werewolves a lizard 2 housecats 4 white unicorns a dust vortex 2 snakes an ape 8 human zombies 2 soldier ants 5 fire ants an imp a wood nymph 3 orc shamans 3 rock piercers 2 rock moles a pony a fog cloud a yellow light 9 gnome lords 4 gnomish wizards a kobold mummy a gray ooze 3 elf zombies a paper golem 2 wax golems 9 giant ants 15 dwarves a kobold shaman 2 rothes a centipede 3 giant bats 4 Kop Sergeants a wererat 4 killer bees an acid blob a gas spore 5 hobbits 19 manes a large kobold 12 giant rats 3 cave spiders 57 gnomes 24 Keystone Kops a gnome zombie 2 geckos 5 jackals a fox 6 goblins 2 sewer rats a grid bug 3 bats 4 lichens 3 kobold zombies 11 newts 287 creatures vanquished. Voluntary challenges: You went without food. You never hit with a wielded weapon. You read items or engraved 2 times. You put on armor 53 times. You never genocided any monsters. You never polymorphed an object. You never changed form. You used no wishes. You abstained from Elbereth's help. You never encountered a bones level. You never used any Sokoban shortcuts. Dungeon overview: The Dungeons of Doom: levels 1 to 4 Level 1 a long staircase Level 2 (Vault) Level 3 an armor shop stairs to The Gnomish Mines Level 4 a fountain The Gnomish Mines: levels 4 to 9 Level 4 stairs to The Dungeons of Doom Level 5 (magic trap) Level 6 <- You were here many shops, a temple, a magic chest, a fountain History has recorded: On T:1 you entered the Dungeons of Doom to retrieve the Amulet of Yendor! On T:247 you reached level 2 of The Dungeons of Doom. On T:647 you advanced to experience level 2. On T:862 you advanced to experience level 3. On T:958 you reached level 3 of The Dungeons of Doom. On T:1025 you reached level 1 of The Gnomish Mines. On T:1064 you advanced to experience level 4. On T:1097 you advanced to experience level 5. On T:1169 you advanced to experience level 6. On T:1183 you reached level 2 of The Gnomish Mines. On T:1311 you advanced to experience level 7. On T:1587 you reached level 3 of The Gnomish Mines. On T:1664 you reached level 4 of The Gnomish Mines. On T:1742 you reached level 5 of The Gnomish Mines. On T:1971 you advanced to experience level 8. On T:4545 you advanced to experience level 9. On T:4866 you reached level 6 of The Gnomish Mines. On T:7254 you reached level 4 of The Dungeons of Doom. On T:7704 you advanced to experience level 10. Latest messages: The rest of your armor is in the way. You take off an uncursed +0 cloak of protection. The mumak butts! The mumak bites! You finish taking off a blessed +2 scale mail of fire resistance (being worn). [HP-31=66] [5 turns] You carefully open the magic chest... [HP+1=67] The mumak butts! The mumak bites! [HP-21=46] The mumak butts! The mumak bites! [HP-19=27] The mumak butts! You die... Final status: Goodbye Arrhythmia the Convict... You died in The Gnomish Mines on dungeon level 6 with 2460 points, and 0 pieces of gold, after 9481 moves. You were level 10 with a maximum of 97 hit points when you died.